Unix NetHack Version 5.0.0-0 post-release - last build May 10 2026 23:12:36 (d1fa5d53e341ca933230fdaa984d921c805b60aa,branch:main).

Game began 2026-05-13 00:15:02, ended 2026-05-13 00:27:45.

Drastanta, lawful male dwarven Caveman

          -------------
          |............####                              --------------
          |...........|   #######0     -------          #.............|
          |...........|    ----- ###   |......#    ####@a|....=...!...|
          |....(......|  ##....|   ####-...).|######  ##0-............|
          --------.----    |....#######|{.^...#   ###     ----- -------
                 ##        |...|       -------
              ####         ---|-
              #               ##
            ###             ####
            #              ##
          --.----       ####
          |......########--------|-------
          |.....|        |..............|
          |.....|        |...........<..|
          |....>|        |..............|
          |...%.|########............*..|
          |......#       ----------------
          -------

Drastanta the Aborigine  St:18/02 Dx:10 Co:14 In:10 Wi:13 Ch:9  Lawful
Dlvl:6  $:69 HP:0(26) Pw:10(10) AC:7  Xp:3 T:1750  Burdened

Latest messages:
 You miss the garter snake.
 The newt bites!
 You kill the garter snake!
 The newt bites!
 You kill the garter snake!
 The newt misses!
 You miss the garter snake.
 The garter snake bites!
 You miss the garter snake.
 The newt bites!
 The garter snake bites!
 You miss the garter snake.
 The newt bites!
 The garter snake misses!
 You kill the garter snake!
 The newt bites!
 You miss the newt.
 The newt misses!
 You kill the newt!
 You see here a mace.
 There is a fountain here.
 You see here a scroll labeled KO BATE.
 You have a little trouble lifting u - a scroll labeled KO BATE.
 You see here a mace.
 You have a little trouble lifting v - a mace.
 What do you want to wield? [- abv or ?*] v
 v - a mace (weapon in right hand).
 What do you want to wield? [- abv or ?*] a
 a - a +1 club (weapon in right hand).
 What do you want to drop? [$a-df-np-v or ?*] v
 You drop a mace.
 Suddenly, Slasher disappears out of sight.
 A hobbit suddenly appears close by!
 You try to move the boulder, but in vain.
 The giant ant bites!
 The giant ant bites!
 The giant ant bites!
 The giant ant misses!
 The giant ant bites!
 You swap places with the peaceful hobbit.
 The giant ant bites!
 You miss the giant ant.
 The giant ant bites!
 The giant ant bites!
 You die...
 Do you want your possessions identified? [ynq] (y) y
 Do you want to see your attributes? [ynq] (y) y
 Do you want an account of creatures vanquished? [ynaq] (y) y
 Do you want to see your conduct and achievements? [ynq] (y) y
 Do you want to see the dungeon overview? [ynq] (y) y

Inventory:
 Coins    ('$')
  $ - 69 gold pieces
 Weapons  (')')
  b - a +2 sling (alternate weapon; not wielded)
  a - a +1 club (weapon in right hand)
 Armor    ('[')
  f - an uncursed +0 studded leather armor (being worn)
 Comestibles  ('%')
  g - 2 uncursed food rations
 Scrolls  ('?')
  u - an uncursed scroll of confuse monster
  p - an uncursed scroll of create monster
 Spellbooks  ('+')
  m - an uncursed spellbook of confuse monster
  i - an uncursed spellbook of finger of death
  q - an uncursed spellbook of magic missile
  s - an uncursed spellbook of stone to flesh
 Potions  ('!')
  t - a blessed potion of healing
  r - an uncursed potion of healing
  n - 2 cursed potions of healing
  j - an uncursed potion of invisibility
 Rings    ('=')
  k - a blessed +2 ring of gain strength
 Wands    ('/')
  h - a wand of light (0:14)
 Tools    ('(')
  l - an uncursed tin whistle
 Gems/Stones  ('*')
  c - 17 uncursed flint stones (in quiver pouch)
  d - 21 uncursed rocks

Drastanta the Caveman's attributes:

Background:
 You were an Aborigine, a level 3 dwarven Caveman.
 You were lawful, nominally on a mission for Anu
 who was opposed by Ishtar (neutral) and Anshar (chaotic).
 You were right-handed.
 You were in the Dungeons of Doom, on level 6.
 You entered the dungeon 1750 turns ago.
 It was the midnight hour.
 You had 73 experience points, 7 more were needed to attain level 4.

Basics:
 You had 0 out of 26 hit points.
 You had all 10 energy points (spell power).
 Your armor class was 7.
 Your wallet contained 69 zorkmids.
 Autopickup was off.

Final Characteristics:
 Your strength was 18/02 (limit:18/100).
 Your dexterity was 10 (limit:20).
 Your constitution was 14 (limit:20).
 Your intelligence was 10 (limit:16).
 Your wisdom was 13 (limit:16).
 Your charisma was 9 (limit:16).

Final Status:
 You weren't hungry.
 You were burdened; movement was slightly slowed.
 You were wielding a club.
 You had basic skill with club.

Final Attributes:
 You were devoutly aligned.
 You had infravision.
 You were warded.
 You are dead.

Miscellaneous:
 You didn't encounter any bones levels.
 Total elapsed playing time was 12 minutes and 42 seconds.

Major events:
 Turn
    1: Drastanta the lawful dwarven Caveman entered the dungeon
  266: entered the Gnomish Mines
 1272: attained the rank of Aborigine (level 3)
 1750: killed by a giant ant

You didn't know any spells.

Skills:
 Fighting Skills
   bare handed combat [Basic]
 Weapon Skills
   dagger             [Unskilled]
   knife              [Unskilled]
   axe                [Unskilled]
   pick-axe           [Unskilled]
   club               [Basic]
   mace               [Unskilled]
   morning star       [Unskilled]
   flail              [Unskilled]
   hammer             [Unskilled]
   quarterstaff       [Unskilled]
   polearms           [Unskilled]
   spear              [Unskilled]
   trident            [Unskilled]
   bow                [Unskilled]
   sling              [Basic]
   boomerang          [Unskilled]
   unicorn horn       [Unskilled]
 Spellcasting Skills
   attack spells      [Unskilled]
   matter spells      [Unskilled]

Voluntary challenges:
 Character rerolling was not enabled.
 You were an atheist.
 You were illiterate.
 You never genocided any monsters.
 You never polymorphed an object.
 You never changed form.
 You used no wishes.
Achievements:
 You entered the Gnomish Mines.
 You entered a shop.
 You attained the rank of Aborigine.

 The Dungeons of Doom: levels 1 to 7
    Level 1:
    Level 2:
       A general store, a fountain.
       Stairs down to The Gnomish Mines.
    Level 3:
    Level 4:
       A fountain.
    Level 5:
       A fountain.
    Level 6: <- You were here.
       A fountain.
       Final resting place for
          you, killed by a giant ant.
    Level 7:
 The Gnomish Mines:
    Level 3:


Vanquished creatures:
  a floating eye
  a kitten
  a homunculus
  a kobold leader
  a rabid rat
  a gas spore
  a hobbit
  a giant rat
  3 garter snakes
  4 jackals
  a kobold
  2 sewer rats
  2 grid bugs
  2 lichens
  4 newts
26 creatures vanquished.

No species were genocided or became extinct.

Game over:
                       ----------
                      /          \
                     /    REST    \
                    /      IN      \
                   /     PEACE      \
                  /                  \
                  |    Drastanta     |
                  |      69 Au       |
                  |   killed by a    |
                  |    giant ant     |
                  |                  |
                  |                  |
                  |       2026       |
                 *|     *  *  *      | *
        _________)/\\_//(\/(/\)/\//\/|_)_______

Goodbye Drastanta the Caveman...

You died in The Dungeons of Doom on dungeon level 6 with 655 points,
and 69 pieces of gold, after 1750 moves.
You were level 3 with a maximum of 26 hit points when you died.

